 Dungeon Crawl Stone Soup version 0.30-a0-949-g53dc5368d7 (webtiles) character file.

Game seed: 17484615540579033661

151 mopl the Chopper (level 5, 0/42 HPs)
             Began as a Minotaur Gladiator on Mar 27, 2023.
             Killed by nerve-wracking pain
             ... invoked by Grinder
              (4 damage)
             ... on level 3 of the Dungeon.
             The game lasted 00:01:52 (1568 turns).

mopl the Chopper (Minotaur Gladiator)               Turns: 1568, Time: 00:01:53

Health: 0/42       AC:  4    Str: 21    XL:     5   Next: 11%
Magic:  4/4        EV: 12    Int:  5    God:
Gold:   135        SH:  0    Dex: 11    Spells: 4/4 levels left

rFire   . . .      SeeInvis .    a - +0 war axe
rCold   . . .      Faith    .    (no shield)
rNeg    . . .      Spirit   .    b - +0 leather armour
rPois   +          Reflect  .    c - +0 hat
rElec   .          Rampage  .    g - scarf {shadows}
rCorr   .                        m - +0 pair of gloves
Will    .....                    (no boots)
Stlth   +                        (no amulet)
HPRegen 0.27/turn                l - ring of poison resistance
MPRegen 0.09/turn                (no ring)

@: no status effects
A: horns 2, retaliatory headbutt
a: no special abilities


You were on level 3 of the Dungeon.
You visited 1 branch of the dungeon, and saw 3 of its levels.

You collected 135 gold pieces.

Inventory:

Hand Weapons
 a - a +0 war axe (weapon)
 p - a +4 quarterstaff of chaos
Missiles
 d - 3 throwing nets (quivered)
 e - a javelin
 k - 3 boomerangs
 r - 2 silver boomerangs
 s - 2 poisoned darts
Armour
 b - a +0 leather armour (worn)
 c - a +0 hat (worn)
 g - a scarf of shadows (worn)
 m - a +0 pair of gloves (worn)
 q - a +0 cloak
Jewellery
 l - a ring of poison resistance (left hand)
Scrolls
 h - a scroll of magic mapping {unknown}
 i - 3 scrolls of teleportation {unknown}
 o - a scroll of vulnerability {unknown}
Potions
 f - a potion of degeneration {unknown}
 j - a potion of might {unknown}
 n - 3 potions of curing {unknown}


   Skills:
 - Level 2.4 Fighting
 + Level 7.1 Axes
 - Level 2.0 Throwing
 - Level 3.2 Dodging


You had 4 spell levels left.
You didn't know any spells.
Your spell library was empty.

Dungeon Overview and Level Annotations

Branches:
Dungeon (3/15)

Altars:

Annotations:
D:3 Grinder


Innate Abilities, Weirdness & Mutations

You have a pair of horns on your head.
You reflexively headbutt those who attack you in melee.


Message History

No target in view!
No target in view!
HP restored.
Grinder comes into view.
Grinder shouts!
Grinder is nearby!
You barely miss Grinder. Grinder hits you.
You writhe in agony.
Grinder gestures at you.
You barely resist. You closely miss Grinder.
Grinder hits you but does no damage.
You hit Grinder but do no damage.
Grinder blinks!
Grinder says, "Wait up."
You slash Grinder! Your headbutt misses Grinder.
Grinder is moderately wounded.
Grinder gestures at you.
You suddenly lose the ability to move!
Grinder gestures at you.
You barely resist. Grinder hits you!
You writhe in agony.
Grinder hits you.
You writhe in agony.
Grinder hits you!
* * * LOW HITPOINT WARNING * * *
You can move again.
Unknown command.
Unknown command.
Unknown command.
You hit Grinder but do no damage. You headbutt Grinder!
Grinder is heavily wounded.
Grinder barely misses you.
You closely miss Grinder.
Grinder is heavily wounded.
Grinder hits you!
* * * LOW HITPOINT WARNING * * *
You writhe in agony.
* * * LOW HITPOINT WARNING * * *
You hit Grinder but do no damage. You headbutt Grinder!
Grinder is severely wounded.
Grinder gestures at you. Pain shoots through your body!
You die...

.###........#.#...#####.#
.......######...........#
.......................####
.......##########.#.......
.......# #####+#.###.##
######†# #.......#......
#.# #.......#.#..## #.#
#.............. #.#
#..5@..##.##.## ###.##
#......# ... #....#
#####.## ##.# #....# #.# .#
#....# #[. # ###.## #..#
#.# #... #.# #. ###.#


You could see Grinder.

Vanquished Creatures
  Crazy Yiuf (D:2)
  Terence (D:2)
  2 adders
  A worm (D:2)
  4 dart slugs
  3 orcs (D:2)
  4 ball pythons
  A bat (D:3)
  6 endoplasms
  2 giant cockroaches (D:1)
  9 goblins
  6 hobgoblins
  8 jackals (D:1)
  2 quokkas (D:3)
  3 frilled lizards
  2 kobolds
  4 rats (D:1)
59 creatures vanquished.

Notes
Turn   | Place    | Note
-------+----------+-------------------------------------------
     0 | D:1      | mopl the Minotaur Gladiator began the quest for the Orb.
     0 | D:1      | Reached XP level 1. HP: 18/18 MP: 0/0
    16 | D:1      | Reached skill level 4 in Axes
    57 | D:1      | Reached XP level 2. HP: 18/25 MP: 1/1
   154 | D:1      | Reached skill level 5 in Axes
   168 | D:1      | Reached XP level 3. HP: 30/30 MP: 2/2
   587 | D:2      | Noticed Terence
   597 | D:2      | Killed Terence
   598 | D:2      | Reached skill level 6 in Axes
   598 | D:2      | Reached XP level 4. HP: 23/37 MP: 3/3
   845 | D:2      | Identified the +10 dagger of Dishonesty {chaos, Str-2 Dex+6
                  | SInv}
   929 | D:2      | Found a runed translucent door.
   930 | D:2      | Noticed Crazy Yiuf
   938 | D:2      | Killed Crazy Yiuf
  1483 | D:3      | Reached XP level 5. HP: 42/42 MP: 4/4
  1507 | D:3      | Reached skill level 7 in Axes
  1553 | D:3      | Noticed Grinder
  1561 | D:3      | Paralysed by Grinder for 5 turns
  1568 | D:3      | Killed from afar by Grinder

Illustrated notes

Levels and vault maps discovered:
D:1:      psy_arrival_terrarium, layout_basic
D:2:      layout_basic, minmay_liquid_box, corexii_shack, minmay_misc_feat_x,
          guppyfry_early_orc_mine, uniq_crazy_yiuf_cottage, uniq_terence
D:3:      layout_basic, mainiacjoe_overflow_chevrons, uniq_grinder

Skill      XL: |  1  2  3  4  5 |
---------------+----------------+-----
Axes           | 4 5 6 7 |  7.1
Fighting       | |  2.4
Throwing       | |  2.0
Dodging        | |  3.2

Action                     |  1- 3 |  4- 6 || total
---------------------------+-------+-------++-------
  Melee: War axe           |    66 |    51 ||   117
         Headbutt          |     6 |     7 ||    13
         Punch             |     1 |       ||     1
 Armour: Leather armour    |    21 |    17 ||    38
  Dodge: Dodged            |    56 |    29 ||    85

Table legend: (Time is in decaauts)
 A = Elapsed time spent in this place.
 B = Non-inter-level travel time spent in this place.
 C = Inter-level travel time spent in this place.
 D = Time resting spent in this place.
 E = Time spent auto-exploring this place.
 F = Levels seen in this place.
 G = Mean time per level.
                   A        B        C        D        E       F      G
               +--------+--------+--------+--------+--------+-----+--------+
         Total |   1592 |   1538 |     54 |    122 |   1096 |   3 |  530.7 |
       Dungeon |   1592 |   1538 |     54 |    122 |   1096 |   3 |  530.7 |
               +--------+--------+--------+--------+--------+-----+--------+

Top non-repeatable levels by time:
     D:2: 965 daAuts
     D:1: 531 daAuts
     D:3: 95 daAuts
